 Dungeon Crawl Stone Soup version 0.28.0-43-g3370ac3207 (webtiles) character file.

Game seed: 13714858165373941199

2 pkoi the Gusty (level 1, 0/14 HPs)
             Began as a Demigod Air Elementalist on Mar 24, 2022.
             Slain by a ball python (1 damage)
             ... on level 1 of the Dungeon.
             The game lasted 00:00:15 (112 turns).

pkoi the Gusty (Demigod Air Elementalist)            Turns: 112, Time: 00:00:16

Health: 0/14       AC:  2    Str:  9    XL:     1   Next: 26%
Magic:  2/5        EV:  9    Int: 17    God:
Gold:   10         SH:  0    Dex: 14    Spells: 2/3 levels left

rFire   . . .      SeeInvis .   (no weapon)
rCold   . . .      Faith    .   (no shield)
rNeg    . . .      Spirit   .   a - +0 robe
rPois   .          Reflect  .   (no helmet)
rElec   .          Harm     .   (no cloak)
rCorr   .          Rampage  .   (no gloves)
Will    .....                   (no boots)
Stlth   ++........              (no amulet)
HPRegen 0.04/turn               (no ring)
MPRegen 0.09/turn               (no ring)

@: constricted
A: high MP 1, forlorn, divine attributes
a: no special abilities


You were on level 1 of the Dungeon.
You visited 1 branch of the dungeon, and saw 1 of its levels.

You collected 10 gold pieces.

Inventory:

Armour
 a - a +0 robe (worn)
Scrolls
 b - a scroll of enchant armour {unknown}
 c - a scroll of magic mapping {unknown}


   Skills:
 - Level 1.7 Dodging
 - Level 1.7 Stealth
 - Level 1.7 Spellcasting
 - Level 0.8 Conjurations
 + Level 2.9 Air Magic


You had 2 spell levels left.
You knew the following spells:

 Your Spells              Type           Power      Damage    Failure   Level
a - Shock                 Conj/Air       28%        1d4       10%         1

Your spell library contained the following spells:

 Spells                   Type           Power      Damage    Failure   Level
 Static Discharge         Conj/Air       7%         N/A       14%         2
 Swiftness                Air            11%        N/A       19%         3
 Airstrike                Air            5%         N/A       52%         4


Dungeon Overview and Level Annotations

Branches:
Dungeon (1/15)


Innate Abilities, Weirdness & Mutations

You have an increased reservoir of magic. (+10% MP)
You shall have no god before yourself.
Your divine heritage dramatically boosts your attributes as you level up.


Message History

The ball python bites you.
* * * LOW HITPOINT WARNING * * *
The ball python grabs you. The ball python constricts you.
The giant cockroach bites you.
* * * LOW HITPOINT WARNING * * *
The giant cockroach bites you but does no damage.
You hit the giant cockroach but do no damage.
The ball python bites you but does no damage.
The ball python constricts you. The giant cockroach bites you.
* * * LOW HITPOINT WARNING * * *
The giant cockroach completely misses you.
You hit the giant cockroach.
You punch the giant cockroach, but do no damage.
The giant cockroach is moderately wounded.
The ball python bites you.
* * * LOW HITPOINT WARNING * * *
The ball python constricts you. The giant cockroach closely misses you.
The giant cockroach bites you.
* * * LOW HITPOINT WARNING * * *
The ball python bites you but does no damage.
The ball python constricts you.
The giant cockroach bites you but does no damage.
Unknown command.
You hit the giant cockroach but do no damage.
The giant cockroach is moderately wounded.
The giant cockroach bites you but does no damage.
The ball python barely misses you. The ball python constricts you.
The giant cockroach bites you but does no damage.
Unknown command.
You barely miss the giant cockroach.
The giant cockroach is moderately wounded.
The giant cockroach closely misses you.
A hobgoblin comes into view. It is wielding a +0 hand axe.
The giant cockroach misses you.
The ball python bites you but does no damage.
The ball python constricts you. The giant cockroach barely misses you.
You barely miss the giant cockroach.
The giant cockroach is moderately wounded.
The ball python bites you.
You die...

#.#######.#.........
##.........#........#
#..........##..##...
#.#........#.........
########.#.........g.#####.#
###........#........##.#
.........#..#...w......>#
.#....#.##..####SB...####
......#.#...# #@#...#
............# #B#.#.#
....####....# #.#.#... #
#.........# ..#.###.#
.##.........# .##.# ..#
.......##...# .. #.# ..
........#...# .# .#
......≈........
...≈.≈≈...#....


You could see a dart slug, 2 giant cockroaches, a hobgoblin (wandering) and a
ball python.

Vanquished Creatures
  A dart slug (D:1)
1 creature vanquished.

Notes
Turn   | Place    | Note
-------+----------+-------------------------------------------
     0 | D:1      | pkoi the Demigod Air Elementalist began the quest for the
                  | Orb.
     0 | D:1      | Reached XP level 1. HP: 14/14 MP: 5/5
   112 | D:1      | Slain by a ball python

Illustrated notes

Levels and vault maps discovered:
D:1:      dpeg_arrival_more_subterranean_lakeside_camping, layout_rooms,
          dreamdust_ecumenical_altar_statues, minmay_small_reverse_x

Action                   || total
-------------------------++-------
Melee: Unarmed           ||    15
       Punch             ||     2
 Cast: Shock             ||     6
Armor: Robe              ||    10
Dodge: Dodged            ||    25
